 Dungeon Crawl Stone Soup version 0.29.1-12-g30fa7ad0bf (webtiles) character file.

Game seed: 7435420245746940896

1805 wormed the Cleaver (level 8, -1/73 HPs)
             Began as a Minotaur Berserker on Dec 19, 2022.
             Was a Believer of Trog.
             Slain by an ogre
             ... wielding a +0 giant club
              (20 damage)
             ... on level 5 of the Dungeon.
             The game lasted 00:22:55 (3910 turns).

wormed the Cleaver (Minotaur Berserker)             Turns: 3910, Time: 00:22:56

Health: -1/73      AC: 10    Str: 24    XL:     8   Next: 84%
Magic:  7/7        EV:  9    Int:  4    God:    Trog [**....]
Gold:   321        SH:  9    Dex: 10    Spells: 7/7 levels left

rFire   . . .      SeeInvis .   a - +0 hand axe
rCold   . . .      Faith    +   m - +0 kite shield
rNeg    . . .      Spirit   .   t - +0 scale mail
rPois   .          Reflect  .   (helmet restricted)
rElec   .          Harm     .   (no cloak)
rCorr   .          Rampage  .   (no gloves)
Will    +....                   q - +1 pair of boots
Stlth   ..........              i - amulet of faith
HPRegen 0.22/turn               j - ring of willpower
MPRegen 0.10/turn               (no ring)

@: on berserk cooldown, flying, slowed, very slow
A: horns 2, retaliatory headbutt
a: Renounce Religion, Berserk, Trog's Hand


You were on level 5 of the Dungeon.
You worshipped Trog.
Trog was pleased with you.
You visited 1 branch of the dungeon, and saw 5 of its levels.

You collected 321 gold pieces.

Inventory:

Hand Weapons
 a - a +0 hand axe (weapon)
 w - a +2 whip of electrocution
Missiles
 x - a throwing net (quivered)
Armour
 m - a +0 kite shield (worn)
 q - a +1 pair of boots (worn)
 t - a +0 scale mail (worn)
Jewellery
 h - a ring of ice
 i - an amulet of faith (around neck)
 j - a ring of willpower (left hand)
Scrolls
 c - 3 scrolls of vulnerability {unknown}
 e - 3 scrolls of teleportation {unknown}
 g - 4 scrolls of identify {unknown}
 l - a scroll of magic mapping {unknown}
 n - a scroll of poison {unknown}
 o - a scroll of enchant armour {unknown}
 s - a scroll of noise {unknown}
 u - 2 scrolls of enchant weapon {unknown}
 v - a scroll of fear {unknown}
Potions
 b - 2 potions of curing
 d - 2 potions of heal wounds {unknown}
 f - 3 potions of flight
 k - a potion of attraction {unknown}
 p - a potion of ambrosia {unknown}
 r - a potion of degeneration {unknown}


   Skills:
 + Level 7.2 Fighting
 * Level 9.4 Axes
 + Level 6.7 Armour
 - Level 2.1 Dodging
 + Level 5.6 Shields


You had 7 spell levels left.
You didn't know any spells.
Your spell library was empty.

Dungeon Overview and Level Annotations

Branches:
Dungeon (5/15)
 Temple: D:4-7

Altars:
Ashenzari
Sif Muna
Xom

Shops:
D:5 *

Annotations:
D:5 Dowan


Innate Abilities, Weirdness & Mutations

You have a pair of horns on your head.
You reflexively headbutt those who attack you in melee.


Message History

You feel better. Dowan hits you but does no damage.
The ogre closely misses you. Dowan hits you with a +0 dagger.
* * * LOW HITPOINT WARNING * * *
The worm bites you but does no damage.
It was a potion of flight.
You feel very buoyant.
You fly up into the air.
Dowan breathes, "And she was my only..."
Dowan hits you with a +0 dagger.
* * * LOW HITPOINT WARNING * * *
The ogre closely misses you. You furiously retaliate!
You headbutt the ogre. Dowan hits you with a +0 dagger.
* * * LOW HITPOINT WARNING * * *
You block the worm's attack. You block Dowan's attack.
You feel better. Dowan hits you but does no damage. The ogre barely misses you.
The worm bites you!
* * * LOW HITPOINT WARNING * * *
You block Dowan's attack.
Dowan gestures wildly while chanting.
Dowan blinks!
The ogre hits you but does no damage.
You see here a worm corpse.
Dowan points at you and mumbles some strange words.
You block the shard of ice.
Dowan says, "How can I live without her?"
Dowan hits you with a +0 dagger.
* * * LOW HITPOINT WARNING * * *
Dowan attacks as you move away! Dowan barely misses you.
You block Dowan's attack.
Dowan gestures wildly while chanting.
Dowan blinks!
Items here: ) †††.
Okay, then.
You see here a +0 giant club.
Items here: ))) [[ †††.
The ogre attacks as you move away! You block the ogre's attack.
Found 9 stones.
Things that are here:
a +0 club; an orc corpse The ogre attacks as you move away!
The ogre hits you with a +0 giant club!!
You die...

.... ... ... .......
..####... .......
..#.... ....... ....#
........ ###...##
.......#.##......#
.................###...
##..........†wO@?......
#...#...#.###))......(.
......#...#).#.....##.
#...#.#..)e.#........
#.#...#).####.......
#..∩..### .......
#.#...#.# #..####
#..#.#.... ...
#...#.....#


You could see an ogre, Dowan (fast) and a worm.

Vanquished Creatures
  Pikel (D:4)
  Prince Ribbit (D:5)
  Sigmund (D:2)
  Menkaure (D:5)
  The ghost of Radix the Sneak, an amateur VSBr (D:4)
  Duvessa (D:5)
  3 ogres
  2 scorpions
  An orc priest (D:5)
  Terence (D:2)
  An iguana (D:5)
  2 orc wizards
  9 adders
  A white imp (D:5)
  3 worms
  10 orcs
  5 ball pythons
  4 bats
  2 endoplasms
  A giant cockroach (D:1)
  6 goblins
  3 hobgoblins
  6 jackals
  10 quokkas
  2 frilled lizards
  5 kobolds
  3 rats
86 creatures vanquished.

Notes
Turn   | Place    | Note
-------+----------+-------------------------------------------
     0 | D:1      | wormed the Minotaur Berserker began the quest for the Orb.
     0 | D:1      | Reached XP level 1. HP: 19/19 MP: 0/0
   579 | D:1      | Reached XP level 2. HP: 27/27 MP: 1/1
   697 | D:1      | Reached skill level 4 in Axes
   939 | D:1      | Found a faded altar of an unknown god.
  1174 | D:2      | Reached XP level 3. HP: 33/33 MP: 2/2
  1293 | D:2      | Noticed Terence
  1302 | D:2      | HP: 1/27 [Terence/+0 flail of draining (1)]
  1304 | D:2      | Killed Terence
  1782 | D:2      | Reached XP level 4. HP: 27/39 MP: 3/3
  1911 | D:2      | Reached skill level 1 in Shields
  2171 | D:2      | Noticed Sigmund
  2187 | D:2      | Killed Sigmund
  2188 | D:2      | Reached skill level 5 in Fighting
  2188 | D:2      | Reached skill level 5 in Axes
  2188 | D:2      | Reached XP level 5. HP: 48/48 MP: 4/4
  2188 | D:2      | Reached XP level 6. HP: 56/56 MP: 5/5
  2646 | D:3      | Reached ** piety under Trog
  2726 | D:3      | Found a shimmering blue altar of Sif Muna.
  2803 | D:3      | Found a shimmering altar of Xom.
  3037 | D:4      | Reached skill level 6 in Axes
  3313 | D:4      | Noticed Pikel
  3332 | D:4      | Killed Pikel
  3333 | D:4      | Reached skill level 7 in Axes
  3333 | D:4      | Reached skill level 5 in Armour
  3333 | D:4      | Reached XP level 7. HP: 63/63 MP: 6/6
  3397 | D:4      | Found a broken altar of Ashenzari.
  3592 | D:4      | Found a runed translucent door.
  3605 | D:4      | Reached XP level 8. HP: 37/70 MP: 7/7
  3760 | D:4      | Noticed Radix's ghost (amateur VSBr)
  3781 | D:4      | Killed Radix's ghost
  3782 | D:4      | Reached skill level 8 in Axes
  3837 | D:5      | Entered Level 5 of the Dungeon
  3837 | D:5      | Found Keapadgh's General Store.
  3843 | D:5      | Noticed Prince Ribbit
  3853 | D:5      | Noticed Menkaure
  3861 | D:5      | Killed Menkaure
  3862 | D:5      | Reached skill level 5 in Shields
  3874 | D:5      | Noticed Dowan
  3875 | D:5      | Killed Prince Ribbit
  3876 | D:5      | Reached skill level 9 in Axes
  3877 | D:5      | Noticed Duvessa
  3888 | D:5      | Killed Duvessa
  3910 | D:5      | Slain by an ogre

Illustrated notes

Levels and vault maps discovered:
D:1:      psy_arrival_terrarium, layout_loops_ring,
          chequers_ecumenical_altar_simple, st_stairs_2
D:2:      layout_loops_corners, uniq_terence, uniq_sigmund
D:3:      layout_rooms, xom_butterflies, overflow_temple_1_default
D:4:      layout_basic, kennysheep_mini_moat, ebering_ghost_reflecting_pool,
          nicolae_wormholes, uniq_pikel
D:5:      layout_cave_pools, serial_shops, nicolae_diamond_shop, hex_large,
          hangedman_decor_lopped, uniq_menkaure, uniq_duvessa,
          uniq_prince_ribbit1

Skill      XL: |  1  2  3  4  5  6  7  8 |
---------------+-------------------------+-----
Fighting       | 4 5 6 7 |  7.2
Axes           | 4 5 7 9 |  9.4
Armour         | 3 4 5 6 |  6.7
Shields        | 2 4 5 |  5.6
Dodging        | |  2.1

Action                   |  1- 3 |  4- 6 |  7- 9 || total
-------------------------+-------+-------+-------++-------
Melee: Hand axe          |    66 |    75 |    66 ||   207
       Headbutt          |     5 |    20 |    11 ||    36
Invok: Berserk           |     1 |     5 |     1 ||     7
  Use: Scroll            |     1 |       |       ||     1
       Potion            |       |       |     4 ||     4
Armor: Ring mail         |     8 |    14 |       ||    22
       Animal skin       |     2 |       |       ||     2
       Scale mail        |       |     9 |    18 ||    27
Dodge: Dodged            |    39 |    20 |    25 ||    84
Block: Kite shield       |       |    25 |    28 ||    53
